 Dungeon Crawl Stone Soup version 0.25-a0-448-g1f46b9f714 (webtiles) character file.

Game seed: 11754173233757204490, levelgen mode: deterministic

1289 kae the Grappler (level 8, -1/61 HPs)
             Began as a Ghoul Gladiator on Jan 31, 2020.
             Slain by a gnoll
             ... wielding a +0 spear of flaming
              (7 damage)
             ... on level 6 of the Dungeon.
             The game lasted 00:05:01 (4132 turns).

kae the Grappler (Ghoul Gladiator)                  Turns: 4132, Time: 00:05:01

Health: -1/61      AC:  4    Str: 18    XL:     8   Next: 55%
Magic:  16/16      EV: 12    Int:  4    God:
Gold:   358        SH:  0    Dex: 11    Spells: 7/7 levels left

rFire    . . .     SeeInvis +     - Unarmed
rCold    + . .     Gourm    .   (no shield)
rNeg     + + +     Faith    .   a - +0 leather armour
rPois    ∞         Spirit   .   n - +0 helmet
rElec    .         Reflect  .   (no cloak)
rCorr    .         Harm     .   (no gloves)
MR       .....                  (no boots)
Stlth    +.........             (no amulet)
HPRegen  0.00/turn              i - ring of see invisible
MPRegen  0.15/turn              k - ring of magical power

@: rotting
A: rotting body, claws 1, carnivore, cold resistance 1, negative energy
resistance 3, inhibited regeneration, torment resistance, unbreathing
a: no special abilities


You were on level 6 of the Dungeon.
You were not hungry.

You visited 2 branches of the dungeon, and saw 7 of its levels.

You collected 358 gold pieces.

Inventory:

Missiles
 c - 3 throwing nets (quivered)
Armour
 a - a +0 leather armour (worn)
 b - a +1 helmet
 n - a +0 helmet (worn)
Jewellery
 i - a ring of see invisible (left claw)
 k - a ring of magical power (right claw)
 m - an uncursed ring of fire
Wands
 x - a wand of flame (23)
Scrolls
 f - 2 scrolls of identify
 r - 4 scrolls of teleportation
 t - a scroll of amnesia
 u - 2 scrolls of remove curse {unknown}
 v - a scroll of fear {unknown}
 w - a scroll of enchant weapon {unknown}
Potions
 d - 2 potions of might
 e - a potion of magic
 g - a potion of lignification
 j - 3 potions of mutation
 l - a potion of berserk rage
 o - 2 potions of curing
 p - 2 potions of haste
 s - a potion of cancellation
 z - a potion of degeneration {unknown}
Comestibles
 q - 5 rations


   Skills:
 - Level 2.1 Fighting
 - Level 1.7 Throwing
 - Level 2.6 Dodging
 + Level 11.3 Unarmed Combat


You had 7 spell levels left.
You didn't know any spells.
Your spell library contained the following spells:

 Spells                   Type           Power        Failure   Level  Hunger
 Magic Dart               Conj           #...         56%         1    ##.....
 Searing Ray              Conj           #.....       71%         2    ###....
 Dazzling Flash           Conj/Hex       #.....       90%         3    ####...
 Fulminant Prism          Conj/Hex       #.........   100%        4    #####..
 Iskenderun's Mystic Bla  Conj/Tloc      #.......     100%        4    #####..


Dungeon Overview and Level Annotations

Branches:
Dungeon (6/15)             Temple (1/1) D:4

Altars:
Fedhas
Gozag
Hepliaklqana
Nemelex Xobeh
Okawaru
Qazlal
Ru
Trog
Vehumet
Yredelemnul
Zin
The Shining One
Lugonu

Annotations:
D:5 3 runed translucent doors, LostGamesStreakFreak's ghost, amateur DsMo


Innate Abilities, Weirdness & Mutations

Your body is rotting away.
You thrive on raw meat.
You are immune to poison.
You have sharp fingernails.
You are carnivorous and can eat meat at any time.
Your flesh is cold resistant. (rC+)
You are immune to negative energy. (rN+++)
You do not regenerate when monsters are visible.
You are immune to unholy pain and torment.
You can survive without breathing.


Message History

You eat one of the 3 chunks of flesh.
This raw flesh tastes great!
The gnoll hits you with a +0 spear of flaming.
* * * LOW HITPOINT WARNING * * *
The gnoll burns you.
* * * LOW HITPOINT WARNING * * *
The gnoll completely misses you.
Eat one of 2 chunks of flesh? (ye/n/q)
You eat one of the 2 chunks of flesh.
This raw flesh tastes great!
The gnoll hits you but does no damage.
The gnoll hits you from afar with a +0 halberd!
* * * LOW HITPOINT WARNING * * *
You barely miss the gnoll.
The gnoll is severely wounded.
The gnoll closely misses you.
The gnoll hits you from afar with a +0 halberd.
* * * LOW HITPOINT WARNING * * *
You scratch the gnoll but do no damage. Your claw misses the gnoll.
The gnoll is severely wounded.
The gnoll hits you with a +0 spear of flaming!
You die...

..# ######## ..#
#......# ..#
#......#
.#####......###
..............#
#.####......#.#
#.# ########.#
#+####...#
#.########...
.....#...#
#..)@gg......
.....#...#
######z......
.....#...# .......
..†..#...# .......
.....#...# g.g....
..####...# .......
#.####...##
#......
..........########
......
#.#...............


You could see a wight and 2 gnolls.

Vanquished Creatures
  2 ice beasts
  A phantom (D:4)
  A necrophage (D:6)
  An ogre (D:5)
  A scorpion (D:4)
  A howler monkey (D:6)
  A bullfrog zombie (D:5)
  A gnoll shaman (D:6)
  2 hounds
  4 orc priests (D:4)
  5 orc wizards
  Terence (D:3)
  Jessica (D:2)
  An iguana (D:4)
  A worker ant (D:5)
  A howler monkey zombie (D:5)
  Robin (D:3)
  4 gnolls
  7 adders
  2 oozes
  4 dart slugs
  3 worms
  5 leopard geckos
  16 orcs
  5 bats
  2 giant cockroaches (D:2)
  16 goblins
  17 hobgoblins
  10 jackals
  4 kobolds
  A quokka (D:4)
  2 ball pythons (D:4)
  6 frilled lizards
  A quokka skeleton (D:4)
  10 rats
  4 plants
145 creatures vanquished.

Vanquished Creatures (others)
  A plant (D:4)
1 creature vanquished.

Grand Total: 146 creatures vanquished

Notes
Turn   | Place    | Note
-------+----------+-------------------------------------------
     0 | D:1      | kae the Ghoul Gladiator began the quest for the Orb.
     0 | D:1      | Reached XP level 1. HP: 17/17 MP: 0/0
   302 | D:1      | Reached XP level 2. HP: 24/24 MP: 1/1
   316 | D:1      | Reached skill level 4 in Unarmed Combat
   972 | D:2      | Reached XP level 3. HP: 27/29 MP: 2/2
  1051 | D:2      | Reached skill level 5 in Unarmed Combat
  1059 | D:2      | Reached XP level 4. HP: 28/36 MP: 3/3
  1072 | D:2      | Noticed Jessica
  1077 | D:2      | Killed Jessica
  1114 | D:2      | Reached skill level 6 in Unarmed Combat
  1118 | D:2      | Reached XP level 5. HP: 32/41 MP: 4/4
  1215 | D:2      | Found an iron altar of Okawaru.
  1504 | D:2      | Found a sparkling altar of Nemelex Xobeh.
  1504 | D:2      | Found an opulent altar of Gozag.
  1573 | D:3      | Noticed an ice beast
  1579 | D:3      | Killed an ice beast
  1579 | D:3      | Reached skill level 7 in Unarmed Combat
  1579 | D:3      | Reached XP level 6. HP: 42/48 MP: 5/5
  1871 | D:3      | Noticed Terence
  1900 | D:3      | Killed Terence
  2034 | D:3      | Noticed Robin
  2081 | D:3      | Killed Robin
  2288 | D:4      | Noticed a phantom
  2305 | D:4      | Reached skill level 8 in Unarmed Combat
  2330 | D:4      | Killed a phantom
  2330 | D:4      | Reached XP level 7. HP: 22/55 MP: 6/6
  2591 | D:4      | Reached skill level 9 in Unarmed Combat
  2640 | D:4      | Found a staircase to the Ecumenical Temple.
  2682 | Temple   | Entered the Ecumenical Temple
  3137 | D:4      | Reached skill level 10 in Unarmed Combat
  3331 | D:5      | Entered Level 5 of the Dungeon
  3343 | D:5      | Reached XP level 8. HP: 60/61 MP: 7/7
  3553 | D:5      | Found a runed translucent gate.
  3553 | D:5      | Found a runed translucent gate.
  3553 | D:5      | Found a runed translucent gate.
  3554 | D:5      | Noticed LostGamesStreakFreak's ghost (amateur DsMo)
  3986 | D:6      | Reached skill level 11 in Unarmed Combat
  4132 | D:6      | Slain by a gnoll

Levels and vault maps discovered:
D:1:      kennysheep_arrival_forest, layout_basic, serial_forest,
          infiniplex_forest_end_1, infiniplex_forest_corner_1,
          infiniplex_forest_end_3, infiniplex_forest_lined_room_2,
          infiniplex_forest_lined_room_2
D:2:      layout_rooms, grunt_temple_overflow_opulence, marbit_many_paths,
          uniq_jessica
D:3:      minmay_recursive_quarters, layout_basic, uniq_terence, uniq_robin
D:4:      layout_basic, minmay_temple_entry_junction, serial_bayou,
          serial_bayou_pond_e, serial_bayou_crossing, serial_bayou_lagoon_a,
          serial_bayou_pond_a, serial_bayou_pond_b, first_ration, minivault_14
D:5:      layout_gridville, gammafunk_ghost_split
D:6:      layout_basic
Temple:   kb_corrupted_temple

Skill      XL: |  1  2  3  4  5  6  7  8 |
---------------+-------------------------+-----
Unarmed Combat | 4 5 6 7 8 10 11 | 11.3
Fighting       | |  2.1
Throwing       | |  1.7
Dodging        | |  2.6

Action                   |  1- 3 |  4- 6 |  7- 9 || total
-------------------------+-------+-------+-------++-------
Melee: Unarmed           |   124 |   192 |   184 ||   500
       Punch             |       |     4 |     9 ||    13
  Use: Scroll            |       |    11 |     1 ||    12
  Eat: Chunk             |    10 |    17 |    13 ||    40
       Ration            |     1 |       |       ||     1
Armor: Leather armour    |    22 |    60 |    20 ||   102
Dodge: Dodged            |    52 |    96 |    74 ||   222

Table legend:
 A = Non-vault XP
 B = Vault XP
 C = Vault XP percentage of total XP
 D = Non-vault monster count
 E = Vault monster count
 F = Vault count percentage of total count
                 A         B        C        D         E       F
            +---------+---------+-------+---------+---------+-------
      Total |    1658 |     184 |  10.0 |     114 |      27 |  19.1
            +---------+---------+-------+---------+---------+-------
        D:1 |      25 |       0 |   0.0 |      12 |       0 |   0.0
        D:2 |     133 |      40 |  23.1 |      36 |       2 |   5.3
        D:3 |     194 |      88 |  31.2 |      23 |      22 |  48.9
        D:4 |     631 |      56 |   8.2 |      27 |       3 |  10.0
        D:5 |     398 |       0 |   0.0 |      10 |       0 |   0.0
        D:6 |     277 |       0 |   0.0 |       6 |       0 |   0.0
            +---------+---------+-------+---------+---------+-------
